 Dungeon Crawl Stone Soup version 0.19.0-11-g3fc08b3 (webtiles) character file.

2980 Naow the Severer (level 9, -2/70 HPs)
             Began as a Minotaur Berserker on Nov 9, 2016.
             Was a Priest of Trog.
             Slain by Erica
             ... wielding a +2 scimitar of flaming
              (3 damage)
             ... on level 8 of the Dungeon.
             The game lasted 00:13:38 (5427 turns).

Naow the Severer (Minotaur Berserker)               Turns: 5427, Time: 00:13:39

Health: -2/70      AC: 11    Str: 24    XL:     9   Next: 53%
Magic:  8/8        EV:  8    Int: 13    God:    Trog [***...]
Gold:   176        SH:  0    Dex:  9    Spells: 0 memorised, 8 levels left

rFire  . . .     SeeInvis .     a - +0 hand axe
rCold  . . .     Gourm    .     d - +0 chain mail
rNeg   . . .     Faith    .     (no shield)
rPois  .         Spirit   .     (helmet restricted)
rElec  .         Reflect  .     y - +0 cloak
rCorr  .         Harm     .     j - +0 pair of gloves
MR     .....                    (no boots)
Stlth  ..........               o - amulet of magic regeneration
                                (no ring)
                                l - +2 ring of intelligence

@: brilliant, exhausted, slowed, very slow
A: retaliatory headbutt, horns 2
a: Berserk, Trog's Hand, Burn Spellbooks, Renounce Religion


You were on level 8 of the Dungeon.
You worshipped Trog.
Trog was most pleased with you.
You were hungry.

You visited 1 branch of the dungeon, and saw 7 of its levels.

You collected 176 gold pieces.

Inventory:

Hand Weapons
 a - a +0 hand axe (weapon)
Armour
 b - a +0 animal skin
 d - a +0 chain mail (worn)
 j - a +0 pair of gloves (worn)
 y - a +0 cloak (worn)
Jewellery
 l - a +2 ring of intelligence (left hand)
 o - an amulet of magic regeneration (around neck)
 B - an uncursed ring of see invisible {unknown}
Wands
 x - a wand of digging (8/24)
 D - a wand of flame (32/48)
Scrolls
 f - 7 scrolls of identify {unknown}
 h - a scroll of magic mapping {unknown}
 m - a scroll of noise {unknown}
 p - 2 scrolls of remove curse {unknown}
 q - 2 scrolls of fear {unknown}
 r - 2 scrolls of teleportation {unknown}
 u - a scroll of recharging {unknown}
 v - a scroll of enchant weapon {unknown}
 A - a scroll of random uselessness {unknown}
Potions
 e - 2 potions of lignification {unknown}
 i - 2 potions of mutation {unknown}
 k - a potion of flight {unknown}
 n - a potion of brilliance
 s - 2 potions of heal wounds {unknown}
 w - 2 potions of degeneration {unknown}
 z - 3 potions of curing
 C - a potion of agility {unknown}
Books
 E - a book of Misfortune

   Spells                             Type                      Level
   a - Confusing Touch                Hexes                        1
   b - Confuse                        Hexes                        3
   c - Gell's Gravitas                Hexes/Translocation          3
   d - Petrify                        Transmutation/Earth          4
   e - Metabolic Englaciation         Hexes/Ice                    5
   f - Yara's Violent Unravelling     Hexes/Transmutation          5
   Trog disapproves of the use of such an item.
Comestibles
 c - 5 bread rations
 g - 2 meat rations
 t - 8 chunks of flesh


   Skills:
 - Level 3.6 Fighting
 + Level 15.3 Axes
 - Level 2.4 Armour
 - Level 2.1 Dodging


You had 8 spell levels left.
You didn't know any spells.

Dungeon Overview and Level Annotations

Branches:
Dungeon (8/15)               Lair (0/6) D:8
 Temple: D:4-7

Altars:
Dithmenos
Trog
Vehumet

Annotations:
D:8 Erica


Innate Abilities, Weirdness & Mutations

You reflexively headbutt those who attack you in melee.
You have a pair of horns on your head.


Message History

You are no longer berserk.
You are exhausted.
You feel as though you will be slow longer.
You hear some strange, mumbled words.
You are more confused.
You hear some strange, mumbled words.
A bolt of poison appears from out of thin air!
The bolt of poison hits you!
You are poisoned.
* * * LOW HITPOINT WARNING * * *
It was a potion of curing.
You feel better. Something hits you.
* * * LOW HITPOINT WARNING * * *
Something burns you.
* * * LOW HITPOINT WARNING * * *
It was a potion of brilliance.
You feel clever all of a sudden. Something hits you.
* * * LOW HITPOINT WARNING * * *
Something burns you.
You die...

.........# ..#
#.........# #.#
#.........# #.#
#.........# #.#
#.........# #.#
#...).....# #.#
#.........# #.#
#.........# ##'####
#......@..# #......
#.........########......
###+#............'......
##############......
#...... #...... #......
#...... #......


There were no monsters in sight!

Vanquished Creatures
  Pikel (D:7)
  Joseph (D:7)
  The ghost of xsansara the Slasher, an amateur MiGl (D:4)
  A yak (D:8)
  A steam dragon (D:7)
  2 vampire mosquitoes (D:8)
  An ice beast (D:7)
  3 ogres
  A slave (D:7)
  3 phantoms
  A necrophage (D:6)
  A centaur (D:7)
  A scorpion (D:4)
  2 electric eels (D:7)
  2 crimson imps
  A hound (D:4)
  2 orc priests
  3 orc wizards
  Crazy Yiuf (D:3)
  Terence (D:2)
  4 worker ants
  A hound zombie (D:6)
  4 gnolls (D:4)
  5 adders
  A shadow imp (D:7)
  An adder skeleton (D:4)
  4 worms
  2 dart slugs
  3 leopard geckos
  15 orcs
  6 bats
  2 giant cockroaches
  8 goblins
  2 hobgoblins
  14 jackals
  5 kobolds
  3 quokkas
  2 frilled lizards
  10 rats
  A fungus (D:8)
123 creatures vanquished.

Vanquished Creatures (others)
  An orc (D:7)
  A fungus (D:8)
2 creatures vanquished.

Grand Total: 125 creatures vanquished

Notes
Turn   | Place    | Note
-------+----------+-------------------------------------------
     0 | D:1      | Naow the Minotaur Berserker began the quest for the Orb.
     0 | D:1      | Reached XP level 1. HP: 19/19 MP: 0/0
    94 | D:1      | Reached skill level 4 in Axes
   358 | D:1      | Reached XP level 2. HP: 20/26 MP: 1/1
   839 | D:2      | Reached skill level 5 in Axes
   879 | D:2      | Reached XP level 3. HP: 31/31 MP: 2/2
   961 | D:2      | Reached ** piety under Trog
   977 | D:2      | Noticed Terence
   984 | D:2      | Killed Terence
   984 | D:2      | Reached XP level 4. HP: 39/39 MP: 3/3
  1085 | D:2      | Reached skill level 6 in Axes
  1786 | D:3      | Found a runed door.
  2327 | D:3      | Reached XP level 5. HP: 41/45 MP: 4/4
  2333 | D:3      | Reached *** piety under Trog
  2333 | D:3      | Reached skill level 7 in Axes
  2393 | D:3      | Noticed Crazy Yiuf
  2398 | D:3      | Killed Crazy Yiuf
  2476 | D:4      | Noticed xsansara's ghost (amateur MiGl)
  2491 | D:4      | Killed xsansara's ghost
  2491 | D:4      | Reached skill level 9 in Axes
  2491 | D:4      | Reached XP level 6. HP: 41/51 MP: 5/5
  2783 | D:4      | Reached XP level 7. HP: 49/57 MP: 6/6
  2940 | D:4      | Reached skill level 10 in Axes
  3184 | D:4      | You fall through a shaft for 2 floors!
  3543 | D:6      | Reached skill level 11 in Axes
  3762 | D:6      | Reached XP level 8. HP: 50/64 MP: 7/7
  3832 | D:6      | Found a shadowy altar of Dithmenos.
  3832 | D:6      | Found a radiant altar of Vehumet.
  4192 | D:7      | Reached skill level 12 in Axes
  4526 | D:7      | Noticed Joseph
  4526 | D:7      | Noticed Pikel
  4540 | D:7      | Killed Pikel
  4540 | D:7      | Reached skill level 13 in Axes
  4552 | D:7      | Killed Joseph
  4552 | D:7      | Reached skill level 14 in Axes
  4552 | D:7      | Reached XP level 9. HP: 35/70 MP: 8/8
  5289 | D:7      | Found a bloodstained altar of Trog.
  5365 | D:8      | Found a staircase to the Lair.
  5402 | D:8      | Noticed Erica
  5409 | D:8      | Reached skill level 15 in Axes
  5425 | D:8      | HP: 3/70 [something/bolt of poison (19)]
  5427 | D:8      | HP: 1/70 [something (5)]
  5427 | D:8      | Slain by Erica

Skill      XL: |  1  2  3  4  5  6  7  8  9 |
---------------+----------------------------+-----
Axes           | 4 5 6 9 11 14 15 | 15.3
Fighting       | |  3.6
Armour         | |  2.4
Dodging        | |  2.1

Action                   |  1- 3 |  4- 6 |  7- 9 || total
-------------------------+-------+-------+-------++-------
Melee: Hand axe          |    65 |   125 |   279 ||   469
       Headbutt          |     9 |    24 |    54 ||    87
Invok: Berserk           |     1 |     3 |     7 ||    11
       Trog's Hand       |       |       |     3 ||     3
  Use: Potion            |       |       |     2 ||     2
  Eat: Chunk             |       |    10 |     7 ||    17
       Meat ration       |       |       |     1 ||     1
       Pizza             |       |       |     2 ||     2
Armor: Animal skin       |    20 |     3 |       ||    23
       Chain mail        |       |    53 |   113 ||   166
Dodge: Dodged            |    46 |    38 |    84 ||   168
